 Dungeon Crawl Stone Soup version 0.30-a0-394-g3e4acdb0ae (webtiles) character file.

Game seed: 10460475162644553710

49 NinjaNoafa the Slasher (level 3, -1/29 HPs)
             Began as a Barachi Gladiator on Dec 6, 2022.
             Slain by Terence
             ... wielding a +2 morningstar of protection
              (9 damage)
             ... on level 3 of the Dungeon.
             The game lasted 00:02:44 (1469 turns).

NinjaNoafa the Slasher (Barachi Gladiator)          Turns: 1469, Time: 00:02:45

Health: -1/29      AC:  6    Str: 15    XL:     3   Next: 75%
Magic:  3/3        EV: 10    Int:  8    God:
Gold:   72         SH:  7    Dex: 15    Spells: 2/2 levels left

rFire   . . .      SeeInvis .    a - +0 long sword
rCold   . . .      Faith    .    b - +0 kite shield
rNeg    . . .      Spirit   .    m - +0 ring mail
rPois   .          Reflect  .    c - +0 helmet
rElec   .          Harm     .    (no cloak)
rCorr   .          Rampage  .    (no gloves)
Will    .....                    (no boots)
Stlth   +.........               (no amulet)
HPRegen 0.24/turn                (no ring)
MPRegen 0.08/turn                (no ring)

@: slow
A: amphibious, slowness 1, strong legs 1, +LOS
a: Hop


You were on level 3 of the Dungeon.
You visited 1 branch of the dungeon, and saw 3 of its levels.

You collected 72 gold pieces.

Inventory:

Hand Weapons
 a - a +0 long sword (weapon)
Missiles
 d - 3 throwing nets
 e - a javelin (quivered)
 h - 12 stones
Armour
 b - a +0 kite shield (worn)
 c - a +0 helmet (worn)
 m - a +0 ring mail (worn)
Scrolls
 i - 4 scrolls of identify {unknown}
 l - a scroll of poison {unknown}
 n - a scroll of summoning {unknown}
 q - a scroll of teleportation {unknown}
 r - a scroll of immolation {unknown}
Potions
 f - a potion of berserk rage {unknown}
 g - a potion of haste {unknown}
 j - a potion of heal wounds {unknown}
 k - 2 potions of curing {unknown}
 o - a potion of mutation {unknown}
 p - a potion of degeneration {unknown}


   Skills:
 + Level 3.1 Fighting
 + Level 4.2 Long Blades
 - Level 2.0 Throwing
 + Level 1.6 Armour
 + Level 3.8 Dodging
 + Level 0.5 Shields


You had 2 spell levels left.
You didn't know any spells.
Your spell library contained the following spells:

 Spells                   Type           Power      Damage    Failure   Level
 Shock                    Conj/Air       0%         1d3       97%         1
 Swiftness                Air            0%         N/A       100%        3
 Airstrike                Air            0%         2d(0-16)  100%        4


Dungeon Overview and Level Annotations

Branches:
Dungeon (3/15)

Altars:
Elyvilon

Shops:
D:2 [

Annotations:
D:3 Terence


Innate Abilities, Weirdness & Mutations

You are amphibious.
You cover ground slowly.
You can hop short distances.
You have an extended range of vision and can be seen from far away.


Message History

You hit Terence but do no damage. Terence barely misses you.
You hit Terence but do no damage.
Terence hits you with a +2 morningstar of protection!
You slash Terence!
Terence is heavily wounded.
Terence hits you with a +2 morningstar of protection.
Terence barely misses you.
You hit Terence but do no damage.
Terence is heavily wounded.
You block Terence's attack.
You hit Terence.
Terence is severely wounded.
Terence hits you with a +2 morningstar of protection!
Terence attacks as you move away!
Terence hits you with a +2 morningstar of protection!
* * * LOW HITPOINT WARNING * * *
Terence barely misses you. Terence attacks as you move away!
You block Terence's attack.
Okay, then.
Hop to where?
Press: ? - help, Dir - move target An endoplasm comes into view.
Boing!
There is a stone staircase leading up here.
You climb upwards.
There is a stone staircase leading down here.
You are ready to hop once more.
HP restored.
Done exploring.
You climb downwards.
Level annotation: Terence Terence asks, "Do you want it fast or slow?"
Terence hits you with a +2 morningstar of protection!
The endoplasm barely misses you.
Terence hits you with a +2 morningstar of protection!
* * * LOW HITPOINT WARNING * * *
You block the endoplasm's attack.
There is a stone staircase leading up here.
Terence hits you with a +2 morningstar of protection!
You die...

..##.#### .....#
...#......###.....###
......# #............
.......#####>.....#
..............#####
......#..!.....##
...$............#
.....#..........#
..)......@J.....#
.....#....@.....# ....
#..........##########
##.........#..[......
..................... ..#
#.....................
#.#........................
.#....##...........#.###.###
...... #.................##


You could see Terence and an endoplasm.

Vanquished Creatures
  A dart slug (D:2)
  4 ball pythons
  13 goblins (D:1)
  A hobgoblin (D:2)
  2 jackals (D:2)
  2 quokkas
  10 bats
  6 frilled lizards
  2 kobolds
  5 rats
46 creatures vanquished.

Notes
Turn   | Place    | Note
-------+----------+-------------------------------------------
     0 | D:1      | NinjaNoafa the Barachi Gladiator began the quest for the
                  | Orb.
     0 | D:1      | Reached XP level 1. HP: 17/17 MP: 1/1
   195 | D:1      | Reached XP level 2. HP: 23/23 MP: 2/2
   212 | D:1      | Reached skill level 1 in Armour
   361 | D:1      | Reached skill level 4 in Long Blades
   420 | D:1      | Found a faded altar of an unknown god.
   439 | D:1      | Reached XP level 3. HP: 26/28 MP: 3/3
   772 | D:2      | Found a white marble altar of Elyvilon.
  1030 | D:2      | Found Hufafipu's Armour Boutique.
  1347 | D:3      | Noticed Terence
  1469 | D:3      | Slain by Terence

Illustrated notes

Levels and vault maps discovered:
D:1:      minmay_arrival_doors, layout_basic,
          shapermc_ecumenical_altar_notcrosses, minmay_tree_intersection
D:2:      layout_basic, basic_altar, serial_shops, nicolae_lakefront_shop
D:3:      layout_rooms, dreamdust_mushroom_princess, uniq_terence, uniq_grinder,
          uniq_natasha

Skill      XL: |  1  2  3 |
---------------+----------+-----
Armour         | 1 |  1.6
Long Blades    | 4 |  4.2
Fighting       | 3 |  3.1
Throwing       | |  2.0
Dodging        | |  3.8
Shields        | |  0.5

Action                   || total
-------------------------++-------
Melee: Long sword        ||   143
 Abil: Hop               ||     3
 Stab: Sleeping          ||     1
Armor: Leather armour    ||    18
       Ring mail         ||    51
Dodge: Dodged            ||    91
Block: Kite shield       ||    54

Table legend: (Time is in decaauts)
 A = Elapsed time spent in this place.
 B = Non-inter-level travel time spent in this place.
 C = Inter-level travel time spent in this place.
 D = Time resting spent in this place.
 E = Time spent auto-exploring this place.
 F = Levels seen in this place.
 G = Mean time per level.
                   A        B        C        D        E       F      G
               +--------+--------+--------+--------+--------+-----+--------+
         Total |   1718 |   1590 |    128 |      0 |   1149 |   3 |  572.7 |
       Dungeon |   1718 |   1590 |    128 |      0 |   1149 |   3 |  572.7 |
               +--------+--------+--------+--------+--------+-----+--------+

Top non-repeatable levels by time:
     D:1: 803 daAuts
     D:2: 802 daAuts
     D:3: 111 daAuts
